 Dungeon Crawl Stone Soup version 0.28-a0-313-gbc0475efdd (webtiles) character file.

Game seed: 8153805980145730435

72 olmar the Magician (level 4, -3/31 HPs)
             Began as a Djinni Ice Elementalist on Aug 31, 2021.
             Killed by nerve-wracking pain
             ... invoked by an orc priest
              (12 damage)
             ... on level 3 of the Dungeon.
             The game lasted 00:06:36 (2803 turns).

olmar the Magician (Djinni Ice Elementalist)        Turns: 2803, Time: 00:06:36

Health: -3/31      AC:  4    Str:  7    XL:     4   Next: 50%
Gold:   113        EV: 12    Int: 18    God:
                   SH:  0    Dex: 13

rFire   + + .      SeeInvis .   h - +1 dagger (freeze)
rCold   x . .      Faith    .   (no shield)
rNeg    . . .      Spirit   .   a - +0 robe
rPois   ∞          Reflect  .   (no helmet)
rElec   .          Harm     .   j - +0 cloak
rCorr   .          Rampage  .   g - +0 pair of gloves
Will    .....                   (boots unavailable)
Stlth   ++........              (no amulet)
HPRegen 0.10/turn               (no ring)
MPRegen 0.00/turn               (no ring)

@: mighty, on berserk cooldown, flying, very slightly contaminated, slowed,
invisible, very slow
A: sickness immunity, fire resistance 2, cold vulnerability 1, float, innate
caster, hp casting, extra vitality 1, devolution 1
a: no special abilities


You were on level 3 of the Dungeon.
You visited 1 branch of the dungeon, and saw 3 of its levels.

You collected 113 gold pieces.

Inventory:

Hand Weapons
 h - a +1 dagger of freezing (weapon)
 n - a +1 dagger of venom
Missiles
 i - 12 poisoned darts
 o - 6 curare-tipped darts
Armour
 a - a +0 robe (worn)
 c - a +0 leather armour
 g - a +0 pair of gloves (worn)
 j - a +0 cloak (worn)
Scrolls
 d - a scroll of vulnerability {unknown}
 e - 2 scrolls of identify {unknown}
 f - a scroll of teleportation {unknown}
Potions
 l - a potion of haste {unknown}
 m - a potion of invisibility


   Skills:
 + Level 0.5 Fighting
 + Level 2.5 Dodging
 - Level 1.5 Stealth
 + Level 4.3 Spellcasting


You couldn't memorise any spells.
You knew the following spells:

 Your Spells              Type           Power      Damage    Failure   Level
a - Freeze                Ice            76%        1d9       2%          1
b - Frozen Ramparts       Ice            38%        1d5       8%          3
c - Ozocubu's Armour      Ice            19%        N/A       8%          3
d - Hailstorm             Conj/Ice       19%        3d6       24%         4
e - Sting                 Tmut/Pois      76%        1d6       2%          1
Your spell library was empty.

Dungeon Overview and Level Annotations

Branches:
Dungeon (3/15)

Altars:


Innate Abilities, Weirdness & Mutations

You are immune to sickness and miasma.
You are immune to poison.
Your flesh is very heat resistant. (rF++)
You are vulnerable to cold. (rC-)
You float through the air rather than walking.
You learn spells naturally, not from books.
Your magical power is your life essence.
You have superior vitality. (+4 HP)
You have hidden genetic defects.


Message History

Unknown command.
You feel a strong urge to attack something.
The orc wizard points at you and mumbles some strange words.
The magic dart hits you.
Unknown command.
Unknown command.
You are too berserk!
Unknown command.
You feel your anger nearly subside.
You feel less confused.
You are no longer berserk.
You are exhausted.
You feel yourself slow down.
The orc priest looks satisfied for a moment.
A bullfrog zombie comes into view.
The orc wizard barely misses you. The orc hits you with a +0 dagger.
Unknown command.
It was a potion of might.
You feel very mighty all of a sudden. The orc wizard closely misses you.
The orc hits you with a +0 dagger.
The orc wizard hits you but does no damage.
Unknown command.
It was a potion of invisibility.
You fade into invisibility!
The orc barely misses you.
The orc wizard hits you but does no damage.
The orc hits you but does no damage.
You are very lightly contaminated with residual magic.
Unknown command.
You closely miss the orc wizard. The orc priest barely misses you.
The orc wizard points at you and mumbles some strange words.
The magic dart hits you!
* * * LOW HITPOINT WARNING * * *
Unknown command.
Unknown command.
It was a potion of mutation.
You feel extremely strange.
You feel a hidden malignance growing inside you.
The orc wizard hits you but does no damage.
The orc priest mumbles some strange prayers to Beogh against you.
Pain shoots through your body!
You die...

#....# #....# #....#
#....# ### ....
#..######## #..#
#....o@...# #..#
#.#..oo##.### #..####
#.#.#<........
##<.†.#
#...#......... #†##..
###...Z....?....
#..... #.?.).........
.#.#..
#.........###.#.#.#..
#....(...... ...o...
#.....#.#..# .#....##


You could see an orc priest, an orc wizard, an orc and a bullfrog zombie
(wandering).

Vanquished Creatures
  2 adders (D:2)
  A worm (D:2)
  A dart slug (D:1)
  An orc (D:3)
  4 ball pythons
  6 bats
  3 endoplasms
  5 giant cockroaches
  2 goblins
  4 hobgoblins
  2 jackals (D:1)
  6 kobolds
  A quokka (D:2)
  5 frilled lizards
  2 rats
45 creatures vanquished.

Notes
Turn   | Place    | Note
-------+----------+-------------------------------------------
     0 | D:1      | olmar the Djinni Ice Elementalist began the quest for the
                  | Orb.
     0 | D:1      | Reached XP level 1. HP: 15/15 MP: 0/0
   114 | D:1      | Reached XP level 2. HP: 13/21 MP: 0/0
   825 | D:1      | Reached XP level 3. HP: 19/25 MP: 0/0
   825 | D:1      | Learned a level 1 spell: Sting
  1561 | D:2      | Reached skill level 4 in Spellcasting
  2103 | D:2      | Reached XP level 4. HP: 29/31 MP: 0/0
  2803 | D:3      | Gained mutation: You have hidden genetic defects. [potion
                  | of mutation]
  2803 | D:3      | Killed from afar by an orc priest

Illustrated notes

Levels and vault maps discovered:
D:1:      minmay_arrival_three_doors, layout_basic
D:2:      layout_loops_corners, solitary_fountain
D:3:      layout_rooms, mainiacjoe_overflow_alcove_4

Skill      XL: |  1  2  3 |
---------------+----------+-----
Spellcasting   | 4 |  4.3
Fighting       | |  0.5
Dodging        | |  2.5
Stealth        | |  1.5

Action                   |  1- 3 |  4- 6 || total
-------------------------+-------+-------++-------
Melee: Unarmed           |     3 |       ||     3
       Dagger            |    20 |    34 ||    54
 Cast: Freeze            |    25 |       ||    25
       Sting             |    22 |    13 ||    35
  Use: Potion            |       |     4 ||     4
Armor: Robe              |    10 |    15 ||    25
Dodge: Dodged            |    34 |    19 ||    53

Table legend: (Time is in decaauts)
 A = Elapsed time spent in this place.
 B = Non-inter-level travel time spent in this place.
 C = Inter-level travel time spent in this place.
 D = Time resting spent in this place.
 E = Time spent auto-exploring this place.
 F = Levels seen in this place.
 G = Mean time per level.
                   A        B        C        D        E       F      G
               +--------+--------+--------+--------+--------+-----+--------+
         Total |   2805 |   2674 |    131 |    136 |   2148 |   3 |  935.0 |
       Dungeon |   2805 |   2674 |    131 |    136 |   2148 |   3 |  935.0 |
               +--------+--------+--------+--------+--------+-----+--------+

Top non-repeatable levels by time:
     D:2: 1391 daAuts
     D:1: 1295 daAuts
     D:3: 118 daAuts
